 Dungeon Crawl Stone Soup version 0.31-a0-1010-g5322dac6a2 (webtiles) character file.

Game seed: 14450262963880037419

27781 Armakuni the Grappler (level 13, -2/120 HPs)
             Began as a Troll Hedge Wizard on Nov 16, 2023.
             Was a Believer of the Shining One.
             Slain by a 15-headed hydra (4 damage)
             ... on level 4 of the Lair of Beasts.
             The game lasted 00:26:02 (11219 turns).

Armakuni the Grappler (Troll Hedge Wizard)         Turns: 11219, Time: 00:26:02

Health: -2/120     AC: 16    Str: 21    XL:     13   Next: 6%
Magic:  17/19      EV: 10    Int: 14    God:    the Shining One [**....]
Gold:   1821       SH:  8    Dex:  9    Spells: 17/22 levels left

rFire   + .          .
                       - Unarmed
rCold   . . .        (no shield)
rNeg    + . .        a - +6 acid dragon scales
rPois   .            c - +1 hat
rElec   .            (no cloak)
rCorr   +            (gloves unavailable)
SInv    .            (boots unavailable)
Will    .....        (no amulet)
Stlth   +            F - ring of protection from fire
HPRegen 1.20/turn    (no ring)
MPRegen 0.16/turn

%: no passive effects
@: divinely shielded, glowing
A: large, unfitting armour, claws 3, regeneration 1, shaggy fur 1, tough skin 1
a: Renounce Religion, Divine Shield


You were on level 4 of the Lair of Beasts.
You worshipped the Shining One.
The Shining One was pleased with you.
You visited 3 branches of the dungeon, and saw 14 of its levels.
You also visited: Bailey.

You collected 1821 gold pieces.

Inventory:

Hand Weapons
 b - a +4 scimitar of flaming
Armour
 a - +6 acid dragon scales (worn)
 c - a +1 hat (worn)
Jewellery
 F - a ring of protection from fire (left claw)
Talismans
 f - a storm talisman
Wands
 n - a wand of polymorph (6)
 r - a wand of roots (8)
Scrolls
 i - 2 scrolls of immolation
 l - 2 scrolls of brand weapon
 o - 3 scrolls of teleportation
 p - 4 scrolls of blinking
 q - 3 scrolls of fear
 s - 2 scrolls of poison
 t - a scroll of vulnerability
 x - a scroll of fog
 y - a scroll of enchant armour
 z - a scroll of revelation
 B - a scroll of noise
 X - 5 scrolls of enchant weapon
Potions
 d - 2 potions of magic
 e - 4 potions of brilliance
 g - 8 potions of curing
 j - 3 potions of resistance
 k - 2 potions of ambrosia
 u - 2 potions of haste
 v - 2 potions of mutation
 w - 2 potions of cancellation


   Skills:
 + Level 5.8 Fighting
 - Level 4.5 Armour
 - Level 4.0 Dodging
 - Level 1.0 Stealth
 - Level 13.7 Unarmed Combat
 - Level 5.0 Spellcasting
 - Level 0.6 Conjurations
 - Level 0.6 Summonings
 - Level 5.0 Translocations
 - Level 5.0 Transmutations
 - Level 5.0 Invocations
 - Level 5.0 Evocations


You had 17 spell levels left.
You knew the following spells:

 Your Spells              Type           Power      Damage    Failure   Level
a - Apportation           Tloc           34%        N/A       2%          1
b - Blink                 Tloc           34%        N/A       4%          2
w - Wereblood             Tmut           17%        N/A       4%          2

Your spell library contained the following spells:

 Spells                   Type           Power      Damage    Failure   Level
 Magic Dart               Conj           20%        1d4       17%         1
 Summon Small Mammal      Summ           20%        N/A       17%         1
 Necrotise                Necr           12%        1d4       22%         1
 Slow                     Hex            12%        N/A       22%         1
 Call Imp                 Summ           10%        N/A       26%         2
 Manifold Assault         Tloc           17%        N/A       28%         4
 Cigotuvi's Dreadful Rot  Necr/Pois/Air  6%         N/A       32%         2
 Mephitic Cloud           Conj/Pois/Air  4%         N/A       52%         3
 Vhi's Electric Charge    Tloc/Air       20%        N/A       61%         4
 Irradiate                Conj/Tmut      5%         3d13      89%         5
 Arcjolt                  Conj/Air       2%         1d12      99%         5
 Plasma Beam              Fire/Air       1%         2x1d11    100%        6


Dungeon Overview and Level Annotations

Branches:
Dungeon (9/15)             Temple (1/1) D:7            Lair (4/5) D:9
  Swamp (0/4) Lair:3       Spider (0/4) Lair:2       Bailey (visited)
  Slime: Lair:4-5       Orc: D:9-12

Altars:
Ashenzari
Cheibriados
Dithmenos
Elyvilon
Fedhas
Gozag
Hepliaklqana
Kikubaaqudgha
Makhleb
Nemelex Xobeh
Okawaru
Qazlal
Ru
Sif Muna
Trog
Uskayaw
Vehumet
Wu Jian
Xom
Yredelemnul
Zin
The Shining One

Annotations:
D:6 3 runed translucent doors, BigAl's ghost, novice GnRe


Innate Abilities, Weirdness & Mutations

You are too large for most types of armour.
You have claws for hands.
Your natural rate of healing is unusually fast.
You are covered in fur. (AC +1)
You have tough skin. (AC +1)


Message History

The 12-headed hydra bites you. x2
The 12-headed hydra bites you but does no damage.
You block the 12-headed hydra's attack. The 12-headed hydra barely misses you.
The 12-headed hydra bites you but does no damage.
The 12-headed hydra barely misses you.
You claw one of the 12-headed hydra's heads off!
The 11-headed hydra grows two more!
You mangle the 13-headed hydra!!
The 13-headed hydra is heavily wounded.
The blink frog blinks!
The 13-headed hydra bites you.
The 13-headed hydra barely misses you. x2; The 13-headed hydra bites you.
* * * LOW HITPOINT WARNING * * *
You block the 13-headed hydra's attack. The 13-headed hydra bites you!
* * * LOW HITPOINT WARNING * * *
The 13-headed hydra barely misses you. The 13-headed hydra closely misses you.
The 13-headed hydra barely misses you.
The 13-headed hydra bites you but does no damage.
The 13-headed hydra closely misses you. The 13-headed hydra misses you.
The 13-headed hydra bites you.
* * * LOW HITPOINT WARNING * * *
You claw one of the 13-headed hydra's heads off!
The 12-headed hydra grows two more!
You mangle the 14-headed hydra!!
The 14-headed hydra is almost dead.
The blink frog blinks!
You claw one of the 14-headed hydra's heads off!
The 13-headed hydra grows two more!
You claw the 15-headed hydra!
The 15-headed hydra is severely wounded.
You block the 15-headed hydra's attack. The 15-headed hydra bites you.
* * * LOW HITPOINT WARNING * * *
The 15-headed hydra bites you.
* * * LOW HITPOINT WARNING * * *
The 15-headed hydra bites you.
* * * LOW HITPOINT WARNING * * *
The 15-headed hydra bites you.
* * * LOW HITPOINT WARNING * * *
The 15-headed hydra bites you.
* * * LOW HITPOINT WARNING * * *
The 15-headed hydra barely misses you.
The 15-headed hydra bites you but does no damage.
The 15-headed hydra closely misses you. The 15-headed hydra bites you.
You die...

########### ### #
####.#..#..#!########..#. ##
.........†..§YD@.§..........
.........#.##Y###.....##...#
##....D.####.##...!..##.#.#
##...Y####..##......P.....
#....P##Y..P##....F......
...+....##....###.....#.....
..............###...........
.........##....#P....##.....
.##......##....#..§.D# #..#.


You could see a 15-headed hydra, 2 elephants and a blink frog.

Vanquished Creatures
  2 hydras (Lair:3)
  Erica (Lair:1)
  A fire crab (Lair:3)
  A skyshark (Lair:1)
  Pikel (D:8)
  A lindwurm (Lair:3)
  An orc knight (Bailey)
  5 elephants
  9 cane toads
  Jeremiah (D:9)
  A rime drake (Lair:3)
  Maggie (D:8)
  4 komodo dragons
  3 trolls
  8 polar bears
  Grinder (D:6)
  Prince Ribbit (D:5)
  14 blink frogs
  A jumping spider (Lair:2)
  2 wyverns
  25 yaks
  3 redbacks (Lair:1)
  2 steam dragons
  2 basilisks
  5 water moccasins
  An acid dragon (D:6)
  2 sky beasts
  17 orc warriors
  9 black bears
  An ice beast (D:6)
  3 ogres
  11 wolves
  5 centaurs
  A lemure (D:8)
  8 bullfrogs
  2 gnoll sergeants
  2 scorpions
  6 killer bees (D:9)
  A vampire bat (D:5)
  A howler monkey (D:8)
  4 orc priests
  4 jellies
  6 hounds
  2 sleepcaps
  7 iguanas
  Terence (D:2)
  3 orc wizards
  Robin (D:2)
  19 gnolls
  8 adders
  A river rat (Lair:1)
  5 shadow imps
  2 white imps
  2 ufetubi (D:6)
  4 worms
  44 orcs
  5 ball pythons
  5 bat skeletons (D:5)
  A bat zombie (D:5)
  13 endoplasms
  A giant cockroach (D:1)
  28 goblins
  23 hobgoblins
  5 jackals (D:1)
  3 kobolds
  5 quokkas
  6 bats
  8 frilled lizards
  4 rats
386 creatures vanquished.

Notes
Turn   | Place    | Note
-------+----------+-------------------------------------------
     0 | D:1      | Armakuni the Troll Hedge Wizard began the quest for the
                  | Orb.
     0 | D:1      | Reached XP level 1. HP: 16/16 MP: 2/2
    46 | D:1      | Reached skill level 1 in Unarmed Combat
   134 | D:1      | Reached XP level 2. HP: 24/24 MP: 4/4
   288 | D:1      | Reached skill level 2 in Unarmed Combat
   397 | D:1      | Reached XP level 3. HP: 31/31 MP: 5/5
   888 | D:2      | Found a burning altar of Makhleb.
   890 | D:2      | Identified the +0 leather armour of Exclusion {MP+9 Str+4
                  | Dex-4 SInv}
   904 | D:2      | Reached skill level 3 in Unarmed Combat
  1092 | D:2      | Noticed Terence
  1104 | D:2      | Killed Terence
  1105 | D:2      | Reached XP level 4. HP: 22/39 MP: 6/6
  1342 | D:2      | Reached skill level 4 in Unarmed Combat
  1466 | D:2      | Noticed Robin
  1473 | D:2      | Killed Robin
  1474 | D:2      | Reached XP level 5. HP: 38/45 MP: 7/7
  1762 | D:3      | Found a shadowy altar of Dithmenos.
  1762 | D:3      | Found an ornate altar of the Wu Jian Council.
  1787 | D:3      | Found a glowing golden altar of the Shining One.
  1803 | D:3      | Became a worshipper of the Shining One
  1873 | D:3      | Learned a level 1 spell: Apportation
  1876 | D:3      | Learned a level 2 spell: Blink
  1952 | D:3      | Reached skill level 5 in Unarmed Combat
  2318 | D:3      | Found an iron altar of Okawaru.
  2703 | D:4      | Reached XP level 6. HP: 39/53 MP: 8/8
  2715 | D:4      | Reached skill level 6 in Unarmed Combat
  3362 | D:5      | Entered Level 5 of the Dungeon
  3369 | D:5      | Noticed a water moccasin
  3606 | D:5      | HP: 1/53 [centaur/arrow (11)]
  3611 | D:5      | HP: 3/79 [centaur (5)]
  3612 | D:5      | HP: 1/79 [centaur (2)]
  3613 | D:5      | Reached skill level 7 in Unarmed Combat
  3613 | D:5      | Reached XP level 7. HP: 1/59 MP: 9/9
  3690 | D:5      | Noticed Prince Ribbit
  3709 | D:5      | Killed Prince Ribbit
  3710 | D:5      | Reached skill level 8 in Unarmed Combat
  3804 | D:5      | Reached * piety under the Shining One
  3902 | D:5      | Reached skill level 9 in Unarmed Combat
  3963 | D:5      | Found an ancient bone altar of Kikubaaqudgha.
  3967 | D:5      | Reached XP level 8. HP: 67/67 MP: 10/10
  4017 | D:5      | Reached skill level 1 in Invocations
  4284 | D:6      | Reached skill level 10 in Unarmed Combat
  4423 | D:6      | Found a runed translucent gate.
  4423 | D:6      | Found a runed translucent gate.
  4423 | D:6      | Found a runed translucent gate.
  4469 | D:6      | Reached skill level 1 in Armour
  4490 | D:6      | Found a transporter.
  4654 | D:6      | Found a transporter.
  4658 | D:6      | Reached ** piety under the Shining One
  4717 | D:6      | The Shining One protects you from harm!
  4922 | D:6      | Noticed Grinder
  4946 | D:6      | Killed Grinder
  4947 | D:6      | Reached XP level 9. HP: 73/74 MP: 11/11
  4961 | D:6      | Reached skill level 1 in Fighting
  5015 | D:6      | Found a stormy altar of Qazlal.
  5279 | D:6      | Noticed BigAl's ghost (novice GnRe)
  5555 | D:7      | Found a staircase to the Ecumenical Temple.
  5570 | Temple   | Entered the Ecumenical Temple
  5932 | D:8      | Reached skill level 5 in Fighting
  5938 | D:8      | Noticed Maggie
  5952 | D:8      | Killed Maggie
  6029 | D:8      | Found a shimmering altar of Xom.
  6226 | D:8      | Noticed Pikel
  6253 | D:8      | Killed Pikel
  6254 | D:8      | Reached XP level 10. HP: 91/96 MP: 9/12
  6340 | D:8      | Reached skill level 5 in Invocations
  6512 | D:8      | Found a sparkling altar of Nemelex Xobeh.
  6854 | D:9      | Reached skill level 11 in Unarmed Combat
  6923 | D:9      | Noticed Jeremiah
  6950 | D:9      | Killed Jeremiah
  6976 | D:9      | Noticed an elephant
  6983 | D:9      | Found a staircase to the Lair.
  7011 | D:9      | Killed an elephant
  7019 | D:9      | Reached skill level 12 in Unarmed Combat
  7090 | D:9      | Found a hide-covered altar of Uskayaw.
  7116 | D:9      | Found a burning altar of Makhleb.
  7116 | D:9      | Found a white marble altar of Elyvilon.
  7117 | D:9      | Found a broken altar of Ashenzari.
  7134 | D:9      | Found a flagged portal.
  7154 | Bailey   | Entered a bailey
  7222 | Bailey   | Reached XP level 11. HP: 94/102 MP: 9/13
  7246 | Bailey   | Reached skill level 13 in Unarmed Combat
  7248 | Bailey   | Noticed an orc knight
  7401 | Bailey   | Killed an orc knight
  7403 | Bailey   | Identified the +7 great sword "Dubuw" {antimagic, rPois
                  | rC+}
  7481 | Bailey   | Identified the "Leaffiec" (You acquired it in a bailey)
  7481 | Bailey   | Acquired 763 gold pieces
  7552 | D:9      | Found a blossoming altar of Fedhas.
  7943 | IceCv    | Identified the "Kavvut"
  7943 | Lair:1   | Entered Level 1 of the Lair of Beasts
  8095 | Lair:1   | Reached skill level 1 in Evocations
  8410 | Lair:1   | Reached *** piety under the Shining One
  8411 | Lair:1   | Noticed a skyshark
  8431 | Lair:1   | Killed a skyshark
  8432 | Lair:1   | Reached skill level 5 in Evocations
  8436 | Lair:1   | Reached skill level 1 in Translocations
  8470 | Lair:1   | Learned a level 2 spell: Wereblood
  8771 | Lair:2   | Noticed Erica
  8771 | Lair:2   | Found a hole to the Spider Nest.
  8837 | Lair:1   | Reached skill level 1 in Transmutations
  8924 | Lair:1   | Killed Erica
  9009 | Lair:2   | Reached XP level 12. HP: 108/111 MP: 15/15
 10124 | Lair:3   | Noticed a six-headed hydra
 10133 | Lair:3   | Killed a nine-headed hydra
 10368 | Lair:3   | Found a staircase to the Swamp.
 10723 | Lair:3   | Noticed a five-headed hydra
 10731 | Lair:3   | Killed an eight-headed hydra
 10732 | Lair:3   | Reached skill level 5 in Translocations
 10898 | Lair:3   | Reached skill level 5 in Transmutations
 10974 | Lair:3   | Reached skill level 5 in Spellcasting
 11153 | Lair:4   | Noticed an eight-headed hydra
 11174 | Lair:4   | Reached XP level 13. HP: 102/118 MP: 17/19
 11219 | Lair:4   | HP: 6/120 [15-headed hydra (4)]
 11219 | Lair:4   | HP: 2/120 [15-headed hydra (4)]
 11219 | Lair:4   | Slain by a 15-headed hydra

Illustrated notes

Levels and vault maps discovered:
D:1:      sevenhm_arrival_forest_fort_small_3, layout_basic, minivault_24
D:2:      layout_loops_corners, basic_altar, uniq_terence, uniq_robin
D:3:      layout_loops_ring, okawaru_altar_gauntlet_db, tso_metal_star,
          mainiacjoe_overflow_divided_tiny
D:4:      layout_loops_corners
D:5:      layout_rooms, kennysheep_vampire_church, uniq_prince_ribbit1
D:6:      gammafunk_cloud_chamber, layout_cave_pods, overflow_temple_1_default,
          ebering_ghost_rock_garden, st_stairs_4, uniq_grinder
D:7:      layout_rooms, minmay_temple_entry_overgrown
D:8:      layout_basic, mainiacjoe_overflow_alcove_2,
          mainiacjoe_overflow_24_doors, corexii_corridor_pit,
          eino_small_chamber_without_monster, minmay_misc_feat_four_crosses,
          uniq_maggie, uniq_pikel
D:9:      layout_roguey, gammafunk_temple_overflow_claw, amcnicky_altar_gilded,
          mainiacjoe_overflow_cross_hatched, david_lair_generic, enter_bailey_3,
          uniq_jeremiah
Temple:   nicolae_temple_bog_church
Lair:1:   layout_long_grid, grunt_megastairs_1, infiniplex_staircase_pool
Lair:2:   layout_cave_pods, spider_nest_entry_a, serial_bayou_shore_b,
          uniq_erica
Lair:3:   beast_lair_carwin_large_4, layout_regular_city, swamp_mist,
          st_stairs_8
Lair:4:   layout_regular_city, nicolae_lair_liquid_snakes

Skill      XL: |  1  2  3  4  5  6  7  8  9 10 11 12 |
---------------+-------------------------------------+-----
Unarmed Combat | 1 2 3 4 5 7 9 10 12 13 | 13.7
Invocations    | 2 3 5 |  5.0
Armour         | 4 |  4.5
Fighting       | 5 |  5.8
Dodging        | 4 |  4.0
Evocations     | 5 |  5.0
Translocations | 2 5 |  5.0
Transmutations | 1 5 |  5.0
Spellcasting   | 5 |  5.0
Stealth        | |  1.0
Conjurations   | |  0.6
Summonings     | |  0.6

Action                     |  1- 3 |  4- 6 |  7- 9 | 10-12 | 13-15 || total
---------------------------+-------+-------+-------+-------+-------++-------
  Melee: Unarmed           |   107 |   191 |   252 |   597 |    26 ||  1173
         Punch             |     1 |     4 |    19 |    60 |     4 ||    88
  Throw: Throwing net      |       |       |       |     1 |       ||     1
   Cast: Wereblood         |       |       |       |       |     1 ||     1
 Invoke: Divine Shield     |       |       |     4 |    16 |     1 ||    21
  Evoke: Wand              |       |       |     3 |     6 |     1 ||    10
    Use: Scroll            |     2 |     7 |     8 |    13 |       ||    30
         Potion            |       |     2 |     2 |     4 |       ||     8
   Stab: Sleeping          |     2 |     2 |       |       |       ||     4
 Armour: Robe              |    90 |   135 |    45 |       |       ||   270
         Acid dragon scale |       |       |   128 |   431 |    63 ||   622
         Skin              |       |       |       |    44 |       ||    44
  Dodge: Dodged            |    34 |    95 |   101 |   252 |    39 ||   521
  Block: Other             |       |       |     6 |    97 |    22 ||   125

Table legend: (Time is in decaauts)
 A = Elapsed time spent in this place.
 B = Non-inter-level travel time spent in this place.
 C = Inter-level travel time spent in this place.
 D = Time resting spent in this place.
 E = Time spent auto-exploring this place.
 F = Levels seen in this place.
 G = Mean time per level.
                   A        B        C        D        E       F      G
               +--------+--------+--------+--------+--------+-----+--------+
         Total |  11013 |  10613 |    400 |   1033 |   6686 |  15 |  734.2 |
       Dungeon |   7521 |   7235 |    286 |    643 |   4717 |   9 |  835.7 |
        Temple |      1 |      1 |      0 |      0 |      0 |   1 |    1.0 |
          Lair |   3181 |   3067 |    114 |    386 |   1901 |   4 |  795.2 |
        Bailey |    308 |    308 |      0 |      4 |     68 |   1 |  308.0 |
               +--------+--------+--------+--------+--------+-----+--------+

Top non-repeatable levels by time:
     D:6: 1162 daAuts
  Lair:3: 1087 daAuts
  Lair:2: 1079 daAuts
     D:4: 1030 daAuts
     D:2: 970 daAuts
  Lair:1: 952 daAuts
     D:8: 942 daAuts
     D:9: 769 daAuts
     D:3: 753 daAuts
     D:1: 747 daAuts
     D:5: 594 daAuts
     D:7: 551 daAuts
  Bailey: 308 daAuts
  Lair:4: 62 daAuts
  Temple: 1 daAuts
